Map: King's Cove LE

Players

Luffy

  • Race: Zerg Zerg
  • League: Master
  • Spawn Location: 11:00

Mez - Winner!

  • Race: Terran Terran
  • League: Master
  • Spawn Location: 5:00

VOD

Have the link to the VOD?

Description

Time

  • Played on: Aug. 15, 2019, 5:44 p.m.
  • Length: 12:12
Show
View Real Time Build Order
Export as new Build Order

Luffy Zerg 

Build Orders: Hatch First, Zergling Baneling 

Get SALT Encoding   

  12  0:01  Drone  
  13  0:12  Overlord  
  13  0:20  Drone  
  14  0:31  Drone  
  14  0:32  Drone  
  16  0:36  Drone  
  17  0:56  Hatchery  
  16  0:58  Drone  
  17  1:13  Spawning Pool  
  17  1:18  Drone, Extractor  
  16  1:22  Drone  
  18  1:25  Drone  
  18  1:29  Drone  
  19  1:40  Drone  
  20  1:50  Overlord  
  20  2:04  Zergling x2  
  20  2:07  Queen  
  23  2:09  Queen  
  23  2:11  Drone  
  26  2:18  Zergling x2  
  27  2:26  Overlord  
  27  2:28  Metabolic Boost  
  27  2:32  Zergling x2  
  27  2:41  Spore Crawler  
  27  2:43  Drone  
  26  2:44  Zergling x2  
  26  2:46  Zergling x4  
  29  3:02  Baneling Nest  
  29  3:03  Zergling x6  
  32  3:09  Zergling x2  
  33  3:16  Zergling x2  
  34  3:21  Zergling x2  
  35  3:32  Zergling x2  
  36  3:34  Overlord  
  36  3:40  Overlord  
  36  3:47  Baneling x6  
  36  3:53  Zergling x8  
  36  3:54  Zergling x2  
  36  3:55  Zergling x2  
  42  4:01  Baneling x2  
  38  4:18  Drone x2  
  38  4:19  Drone x5  
  43  4:31  Zergling x8  
  40  4:40  Drone, Zergling x2  
  40  4:41  Zergling x4  
  40  4:45  Drone  
  40  4:49  Drone  
  41  4:55  Lair  
  41  4:57  Drone x3  
  44  5:02  Drone  
  44  5:03  Drone  
  44  5:06  Spore Crawler  
  45  5:14  Spore Crawler  
  38  5:34  Overlord  
  37  5:43  Drone x4  
  37  5:44  Roach Warren  
  37  5:46  Queen, Extractor  
  41  5:50  Hatchery  
  40  5:58  Drone x3  
  40  6:00  Overlord  
  43  6:06  Extractor  
  42  6:17  Nydus Network  
  41  6:24  Zergling x6  
  42  6:31  Glial Reconstitution  
  42  6:33  Roach x3  
  42  6:34  Roach  
  49  6:44  Roach x3  
  52  6:49  Roach  
  52  6:50  Overlord  
  41  7:01  Drone x2  
  41  7:02  Drone x3  
  44  7:18  Drone x2  
  44  7:19  Drone x4  
  47  7:27  Drone  
  48  7:36  Zergling x4  
  48  7:37  Zergling x4  
  52  7:42  Drone  
  53  7:49  Nydus Canal  
  53  7:54  Zergling x6  
  53  7:55  Queen  
  58  8:02  Roach x2  
  49  8:43  Drone x6  
  51  8:59  Drone x2, Queen  
  55  9:03  Centrifical Hooks  
  55  9:06  Queen, Extractor  
  55  9:07  Drone x3  
  59  9:12  Drone x2  
  59  9:16  Ravager  
  63  9:17  Ravager x2  
  63  9:18  Zergling x4  
  63  9:19  Zergling x2  
  67  9:36  Zergling x12  
  70  9:58  Overlord  
  70  10:00  Extractor  
  70  10:01  Overlord, Extractor  
  70  10:06  Evolution Chamber  
  67  10:12  Nydus Canal  
  67  10:15  Hatchery  
  49  10:30  Drone x7  
  56  10:39  Drone x5  
  56  10:40  Overlord x2, Spore Crawler  
  60  10:52  Spire, Zergling x10  
  64  10:59  Zergling x2  
  64  11:00  Baneling x4  
  64  11:02  Baneling  
  65  11:05  Zergling x6  
  65  11:06  Zergling x2  
  69  11:15  Zergling x2  
  69  11:16  Zergling x8  
  69  11:17  Baneling  
  74  11:30  Drone x6  
  74  11:31  Drone  
Show
View Real Time Build Order
Export as new Build Order

Mez Terran - Winner!

Build Orders: Liberator Opening, Reaper Expand 

Get SALT Encoding   

  12  0:00  SCV  
  13  0:13  SCV  
  14  0:18  Supply Depot  
  14  0:25  SCV  
  15  0:39  SCV  
  15  0:40  Barracks  
  16  0:47  Refinery  
  16  0:51  SCV  
  17  1:04  SCV  
  18  1:16  SCV  
  19  1:29  Orbital Command  
  19  1:30  Reaper  
  20  1:43  Command Center  
  20  1:52  Supply Depot  
  20  1:56  SCV  
  21  2:03  Marine  
  22  2:09  SCV  
  22  2:15  Factory  
  23  2:26  Barracks Reactor  
  23  2:34  SCV  
  23  3:01  Orbital Command  
  23  3:02  Command Center  
  23  3:03  SCV  
  24  3:08  Starport  
  24  3:15  Hellion x2  
  28  3:21  Refinery  
  28  3:24  SCV  
  28  3:30  SCV  
  29  3:35  Marine  
  29  3:36  SCV  
  29  3:41  Liberator  
  31  3:42  Hellion x2  
  35  3:49  SCV x2  
  37  4:01  SCV  
  37  4:02  SCV  
  42  4:14  SCV  
  42  4:16  Hellion x2  
  38  4:18  SCV  
  38  4:19  SCV  
  40  4:30  Liberator  
  37  4:31  SCV x2  
  37  4:32  SCV  
  37  4:34  Marine  
  37  4:38  Hellion  
  37  4:49  SCV  
  42  4:56  Orbital Command  
  43  5:14  Hellion x2  
  43  5:20  SCV  
  45  5:22  SCV x2  
  45  5:32  SCV  
  45  5:34  SCV x2  
  48  5:40  Hellion  
  50  5:43  Hellion  
  50  5:44  SCV  
  50  5:45  Barracks Tech Lab  
  50  5:46  SCV x2  
  55  5:56  SCV  
  56  5:58  SCV x2  
  58  6:08  Stimpack, SCV  
  58  6:09  Supply Depot  
  58  6:10  SCV x2, Supply Depot  
  61  6:28  Starport Reactor, SCV x3  
  61  6:33  Barracks x2  
  61  6:39  Factory Tech Lab  
  61  6:40  SCV x3  
  61  6:52  SCV x3  
  62  7:02  Siege Tank, Refinery x2  
  62  7:04  SCV x3  
  66  7:13  Marine, Supply Depot  
  66  7:14  Supply Depot  
  63  7:17  SCV x2, Starport Reactor  
  57  7:31  Engineering Bay  
  57  7:32  SCV x3  
  57  7:34  Siege Tank, Barracks  
  57  7:35  Engineering Bay  
  57  7:36  Barracks  
  64  7:43  Marine x4  
  68  7:45  Marauder  
  69  7:56  SCV x2  
  71  7:59  Supply Depot  
  71  8:00  Marine  
  71  8:02  Marine x3  
  75  8:06  Marine  
  75  8:11  Siege Tank  
  75  8:12  Medivac x2  
  83  8:17  Terran Infantry Weapons Level 1  
  83  8:18  Terran Infantry Armor Level 1, Marine  
  84  8:26  Combat Shield  
  81  8:29  Orbital Command  
  69  9:15  Orbital Command, Supply Depot  
  69  9:16  Barracks Reactor, Barracks Tech Lab, Supply Depot  
  69  9:21  SCV x2, Marine x2, Marauder, Medivac  
  77  9:35  Armory  
  77  9:36  Siege Tank, SCV, Marine x2  
  83  9:39  Marine x2  
  83  9:43  SCV x2, Marauder  
  89  9:47  Supply Depot  
  89  9:48  SCV, Supply Depot  
  90  9:56  Marine x3  
  93  10:09  Marine x5  
  93  10:13  Marine  
  93  10:14  Marine  
  99  10:19  Concussive Shells  
  100  10:23  Marine  
  100  10:26  Marine x2  
  100  10:27  Marauder x2  
  106  10:30  Siege Tank  
  109  10:36  Barracks  
  109  10:37  Barracks  
  109  10:38  Barracks  
  109  10:42  Supply Depot  
  109  10:47  Supply Depot  
  109  10:54  SCV x3, Marine x4  
  109  10:55  Marauder  
  118  10:59  Marine x2, Marauder  
  118  11:02  Siege Tank  
  118  11:03  Medivac x2  
  129  11:06  SCV x2  
  129  11:08  Supply Depot  
  131  11:11  Supply Depot  
  131  11:23  Marine x7  
  139  11:26  Barracks Reactor x3  
  139  11:27  Marauder  
  139  11:29  SCV  
  139  11:30  SCV  
  139  11:32  Refinery  
  142  11:33  Factory  
  142  11:34  Siege Tank  
  142  11:35  Refinery, Supply Depot  
  145  11:41  Marine x2  
  145  11:42  Marauder  
Tags
 
Add a new tag
Caveats
  • Supply blocks, unpowered buildings, or Contaminate may cause inaccurate times.
  • Supply counts are checked every 10 seconds.